 Dungeon Crawl Stone Soup version 0.27-a0-92-g39ad13b146 (webtiles) character file.

Game seed: 9848459180754768962

90 kestreltb the Skirmisher (level 4, -13/41 HPs)
             Began as a Draconian Wanderer on Jan 15, 2021.
             Was a Follower of Dithmenos.
             Killed by divine providence
             ... invoked by an orc priest
              (14 damage)
             ... on level 3 of the Dungeon.
             The game lasted 00:07:57 (2317 turns).

kestreltb the Skirmisher (Draconian Wanderer)       Turns: 2317, Time: 00:07:58

Health: -13/41     AC:  9    Str: 16    XL:     4   Next: 32%
Magic:  4/4        EV: 12    Int: 10    God:    Dithmenos [*.....]
Gold:   183        SH:  0    Dex: 12    Spells: 3/3 levels left

rFire    . . .     SeeInvis .   c - +0 mace
rCold    . . .     Faith    .   (no shield)
rNeg     . . .     Spirit   .   (armour unavailable)
rPois    .         Reflect  .   (helmet restricted)
rElec    .         Harm     .   (no cloak)
rCorr    .         Rampage  .   (no gloves)
Will     .....                  (no boots)
Stlth    ++........             (no amulet)
HPRegen  0.13/turn              k - +4 ring of protection
MPRegen  0.09/turn              (no ring)

@: about to teleport, wreathed by umbra
A: unfitting armour, cold-blooded, AC +5
a: Renounce Religion


You were on level 3 of the Dungeon.
You worshipped Dithmenos.
Dithmenos was aware of your devotion.
You visited 1 branch of the dungeon, and saw 4 of its levels.

You collected 183 gold pieces.

Inventory:

Hand Weapons
 a - a +2 shortbow
 c - a +0 mace (weapon)
 r - a +0 spear
Missiles
 b - 64 arrows
 p - a throwing net (quivered)
Jewellery
 k - a +4 ring of protection (left hand)
Scrolls
 d - 2 scrolls of teleportation
 f - 2 scrolls of remove curse {unknown}
 g - 3 scrolls of identify {unknown}
 h - a scroll of blinking {unknown}
 i - a scroll of immolation {unknown}
 j - 4 scrolls of magic mapping {unknown}
 n - a scroll of enchant armour {unknown}
 s - 2 scrolls of fear {unknown}
Potions
 e - 2 potions of haste {unknown}
 l - a potion of magic {unknown}
 m - a potion of lignification {unknown}
 o - a potion of ambrosia {unknown}
 q - a potion of attraction {unknown}


   Skills:
 + Level 4.3 Fighting
 + Level 1.2(1.4) Axes
 - Level 1.0(1.3) Maces & Flails
 + Level 2.8 Bows
 - Level 1.7 Dodging
 - Level 1.1 Stealth
 - Level 1.0 Shields
 - Level 1.0 Unarmed Combat


You had 3 spell levels left.
You didn't know any spells.
Your spell library was empty.

Dungeon Overview and Level Annotations

Branches:
Dungeon (4/15)
 Temple: D:4-7

Altars:
Ashenzari
Dithmenos
Elyvilon
Makhleb
Uskayaw
Wu Jian
Zin

Annotations:
D:2 1 runed translucent door, Crazy Yiuf


Innate Abilities, Weirdness & Mutations

Your plain brown scales are hard. (AC +5)
You cannot fit into any form of body armour.
You are cold-blooded and may be slowed by cold attacks.


Message History

The orc priest invokes the aid of Beogh against you.
Beogh smites you!
The orc wizard points at you and mumbles some strange words.
The magic dart hits you!
* * * LOW HITPOINT WARNING * * *
The orc priest hits you with a +0 club.
* * * LOW HITPOINT WARNING * * *
You climb upwards.
There is a stone staircase leading down here.
As you read the scroll of teleportation, it crumbles to dust.
You feel strangely unstable.
The orc priest hits you but does no damage.
The orc wizard gestures wildly while chanting.
The orc wizard seems to speed up.
The orc priest hits you with a +0 club.
* * * LOW HITPOINT WARNING * * *
The orc wizard hits you but does no damage.
The orc priest looks braver for a moment.
The orc priest mumbles some strange prayers to Beogh against you.
Beogh smites you!
You die...

#..#.##
#....###..#........#
#..#.#
#.####...#.........#
#..#.# ###.#
#.##..######### #....#
#...####.##.##
.....#####.####...#..#
..##...##††##...###.##
..............###...#
..............#...###
.###..#.#####...@########
## #.##.# #oo.o.......#
#.##.#####.>.........#
####.................#
####....###########
##<#### #####..#
###.....## ###...#####


You could see 2 orc priests and an orc wizard (fast).

Vanquished Creatures
  3 adders
  An adder skeleton (D:3)
  4 dart slugs
  2 leopard geckos
  An orc (D:3)
  A ball python (D:2)
  7 bats
  A giant cockroach (D:3)
  4 hobgoblins
  4 jackals (D:1)
  7 kobolds
  5 frilled lizards
  13 rats
53 creatures vanquished.

Notes
Turn   | Place    | Note
-------+----------+-------------------------------------------
     0 | D:1      | kestreltb the Draconian Wanderer began the quest for the
                  | Orb.
     0 | D:1      | kestreltb set off with the following items: a +2 shortbow,
                  | 25 arrows, a +0 mace, a scroll of teleportation
     0 | D:1      | Reached XP level 1. HP: 19/19 MP: 1/1
   156 | D:1      | Reached XP level 2. HP: 20/27 MP: 2/2
   762 | D:1      | Reached skill level 1 in Maces & Flails
   762 | D:1      | Reached XP level 3. HP: 26/33 MP: 3/3
   963 | D:2      | Reached skill level 4 in Fighting
  1367 | D:2      | Found a shadowy altar of Dithmenos.
  1644 | D:2      | Found a glowing silver altar of Zin.
  1709 | D:2      | Found a runed translucent door.
  1710 | D:2      | Noticed Crazy Yiuf
  1855 | D:3      | Reached skill level 1 in Axes
  1878 | D:3      | Found a faded altar of an unknown god.
  1888 | D:3      | Became a worshipper of Dithmenos the Shadowed
  1888 | D:3      | Reached * piety under Dithmenos
  1905 | D:3      | Reached XP level 4. HP: 36/40 MP: 4/4
  2124 | D:3      | Found a white marble altar of Elyvilon.
  2126 | D:3      | Found a hide-covered altar of Uskayaw.
  2126 | D:3      | Found an ornate altar of the Wu Jian Council.
  2126 | D:3      | Found a burning altar of Makhleb.
  2127 | D:3      | Found a broken altar of Ashenzari.
  2315 | D:3      | HP: 1/41 [orc priest/+0 club (2)]
  2317 | D:3      | Killed from afar by an orc priest

Illustrated notes

Levels and vault maps discovered:
D:1:      ebering_trefoil_3fold, layout_loops_cross
D:2:      layout_basic, lemuel_coloured_pillars_altar, lemuel_doored_altar,
          uniq_crazy_yiuf_cottage
D:3:      layout_rooms, grunt_temple_overflow_open,
          chequers_ecumenical_altar_simple_redux
D:4:      minmay_bubble_buster, layout_loops_corners, bloody_trog,
          serial_undead, serial_undead_a, serial_undead_b, serial_undead_e,
          serial_undead_d, serial_undead_a

Skill      XL: |  1  2  3 |
---------------+----------+-----
Bows           | 2 |  2.8
Maces & Flails | 1 |  1.0
Fighting       | 4 |  4.3
Axes           | 1 |  1.2
Dodging        | |  1.7
Stealth        | |  1.1
Shields        | |  1.0
Unarmed Combat | |  1.0

Action                   |  1- 3 |  4- 6 || total
-------------------------+-------+-------++-------
Melee: Mace              |   103 |    32 ||   135
       Tailslap          |     6 |     8 ||    14
 Fire: Shortbow          |    11 |       ||    11
  Use: Scroll            |       |     1 ||     1
 Stab: Sleeping          |     1 |     1 ||     2
Armor: Skin              |    48 |    19 ||    67
Dodge: Dodged            |    88 |    33 ||   121

Table legend: (Time is in decaauts)
 A = Elapsed time spent in this place.
 B = Non-inter-level travel time spent in this place.
 C = Inter-level travel time spent in this place.
 D = Time resting spent in this place.
 E = Time spent auto-exploring this place.
 F = Levels seen in this place.
 G = Mean time per level.
                   A        B        C        D        E       F      G
               +--------+--------+--------+--------+--------+-----+--------+
         Total |   2365 |   2275 |     90 |      0 |   1830 |   4 |  591.2 |
       Dungeon |   2365 |   2275 |     90 |      0 |   1830 |   4 |  591.2 |
               +--------+--------+--------+--------+--------+-----+--------+

Top non-repeatable levels by time:
     D:1: 947 daAuts
     D:2: 909 daAuts
     D:3: 500 daAuts
     D:4: 8 daAuts
